 Dungeon Sprint DCSS version bcrawl-1.23 (webtiles) character file.

Game seed: 8645244027300908464

7332 Freyura the Bludgeoner (level 11, -3/72 HPs)
             Began as a Gargoyle Fighter on May 28, 2020.
             Was the Champion of the Shining One.
             Killed by divine providence
             ... invoked by an orc priest
              (9 damage)
             ... in the Dungeon (Sprint IX: "|||||||||||||||||||||||||||||").
             The game lasted 00:10:01 (1431 turns).

Freyura the Bludgeoner (Gargoyle Fighter)           Turns: 1431, Time: 00:10:02

Health: -3/72      AC: 29    Str: 27    XL:     11   Next: 13%
Magic:  15/18      EV: 11    Int: 10    God:    the Shining One [******]
Gold:   24         SH: 23    Dex: 15    Spells: 10/10 levels left

rFire    . . .     SeeInvis .   j - +3 eveningstar
rCold    . . .     Gourm    .   c - +0 medium shield
rNeg     + + +     Faith    .   a - +2 chain mail {MR+}
rPois    ∞         Spirit   .   n - +2 helmet
rElec    +         Reflect  .   z - +0 cloak
rCorr    .         Harm     .   y - +0 pair of gloves
MR       +....     NoTele   +   o - +0 pair of boots
Stlth    ..........             (no amulet)
HPRegen  0.22/turn              q - +3 ring of strength
MPRegen  0.16/turn              r - +3 ring of dexterity

@: mighty, divine shield, glowing
A: negative energy resistance 1, electricity resistance, unbreathing,
petrification resistance, rot immunity, AC +8
a: Divine Shield, Cleansing Flame, Summon Divine Warrior, Brand Weapon With Holy
Wrath, Renounce Religion


You were in the Dungeon.
You worshipped the Shining One.
The Shining One was exalted by your worship.
You were not hungry.

You visited 1 branch You collected 24 gold pieces.

Inventory:

Hand Weapons
 j - a +3 eveningstar (weapon)
Armour
 a - a +2 chain mail of magic resistance (worn)
 c - a +0 medium shield (worn)
 n - a +2 helmet (worn)
 o - a +0 pair of boots (worn)
 y - a +0 pair of gloves (worn)
 z - a +0 cloak (worn)
Jewellery
 q - a +3 ring of strength (left hand)
 r - a +3 ring of dexterity (right hand)
Wands
 m - a wand of acid (9)
Scrolls
 d - 3 scrolls of remove curse
 k - 2 scrolls of blinking
 l - 2 scrolls of amnesia
 u - a scroll of fear
 v - a scroll of identify
 w - 3 scrolls of fog
Potions
 f - 5 potions of curing
 g - 3 potions of heal wounds
 h - 2 potions of haste
 i - 4 potions of magic
 s - a potion of brilliance
 x - a potion of mutation
Comestibles
 e - 11 rations {!d}
 p - a chunk of flesh


   Skills:
 + Level 9.8 Fighting
 * Level 16.8 Maces & Flails
 + Level 9.4 Armour
 * Level 7.9 Dodging
 + Level 2.2 Stealth
 + Level 10.6 Shields
 * Level 10.3 Invocations
 + Level 0.2 Evocations


You had 10 spell levels left.
You didn't know any spells.
Your spell library was empty.

Dungeon Overview and Level Annotations

Branches:
Dungeon (1/1)

Altars:
Cheibriados
Dithmenos
Elyvilon
Fedhas
Gozag
Hepliaklqana
Kikubaaqudgha
Lugonu
Makhleb
Nemelex Xobeh
Okawaru
Qazlal
Ru
Sif Muna
Trog
Uskayaw
Vehumet
Wu Jian
Xom
Yredelemnul
Zin
The Shining One
Beogh
Jiyva


Innate Abilities, Weirdness & Mutations

You are resistant to torment.
Your stone body is resilient. (AC +8)
You are immune to poison.
You resist negative energy. (rN+)
You are resistant to electric shocks. (rElec)
You can survive without breathing.
You are immune to petrification.
You are immune to rotting.


Message History

You feel much better.
The stone giant hits you but does no damage.
You sock the stone giant!
The stone giant is heavily wounded.
You block the stone giant's attack.
You bludgeon the stone giant!!
The stone giant is severely wounded.
The stone giant hits you!!
* * * LOW HITPOINT WARNING * * *
You feel much better.
The orc priest mumbles some strange prayers to Beogh against you.
Beogh smites you!
* * * LOW HITPOINT WARNING * * *
The stone giant hits you!
* * * LOW HITPOINT WARNING * * *
Your shield is strengthened by the Shining One's divine power.
You feel slightly more hungry. The stone giant closely misses you.
The orc priest mumbles some strange prayers to Beogh against you.
Beogh smites you!
You die...

▓.▓.▓'▓.▓.▓
▓.▓.▓.▓.▓.▓
▓.▓.▓.▓.▓.▓
▓.▓.▓.▓.▓'▓
▓.▓.▓.▓.▓)▓
▓.▓.▓.▓.▓.▓
▓)▓.▓)▓.▓.▓
▓$▓.▓.▓.▓.▓
▓@▓.▓)▓.▓.▓
▓C▓.▓.▓.▓'▓
▓o▓.▓.▓.▓_▓
▓o▓.▓÷▓.▓_▓
▓o▓)▓.▓.▓_▓
▓o▓.▓.▓.▓_▓
▓o▓.▓'▓.▓_▓
▓o▓.▓÷▓.▓_▓
▓.▓.▓.▓_▓


You could see a stone giant, 3 orc priests, 2 orc wizards and an orc.

Vanquished Creatures
  A hydra (D)
  Urug (D)
  Harold (D)
  Joseph (D)
  2 black mambas (D)
  3 cane toads (D)
  4 polar bears (D)
  3 hippogriffs (D)
  A yak (D)
  A hungry ghost (D)
  5 crocodiles (D)
  A water moccasin (D)
  A soldier ant (D)
  2 porcupines (D)
  A sky beast (D)
  4 black bears (D)
  A centaur (D)
  2 bullfrogs (D)
  An orc wizard (D)
  An iguana (D)
  3 worker ants (D)
  A gnoll (D)
  2 adders (D)
  A leopard gecko (D)
  3 orcs (D)
  A bat skeleton (D)
  A bat zombie (D)
  2 goblins (D)
  A hobgoblin (D)
  A jackal (D)
53 creatures vanquished.

Notes
Turn   | Place    | Note
-------+----------+-------------------------------------------
     0 | D        | Freyura the Gargoyle Fighter began the quest for the Orb.
     0 | D        | Reached XP level 1. HP: 14/14 MP: 1/1
    30 | D        | Reached skill level 1 in Dodging
    30 | D        | Reached XP level 2. HP: 16/20 MP: 2/2
    98 | D        | Reached skill level 3 in Maces & Flails
   103 | D        | Reached XP level 3. HP: 24/24 MP: 3/3
   117 | D        | Reached skill level 4 in Maces & Flails
   123 | D        | Found a roughly hewn altar of Beogh.
   123 | D        | Found a snail-covered altar of Cheibriados.
   123 | D        | Found a shadowy altar of Dithmenos.
   123 | D        | Found a white marble altar of Elyvilon.
   123 | D        | Found a blossoming altar of Fedhas.
   123 | D        | Found an opulent altar of Gozag.
   124 | D        | Found a hazy altar of Hepliaklqana.
   125 | D        | Found a viscous altar of Jiyva.
   126 | D        | Found an ancient bone altar of Kikubaaqudgha.
   127 | D        | Found a corrupted altar of Lugonu.
   128 | D        | Found a burning altar of Makhleb.
   129 | D        | Found a sparkling altar of Nemelex Xobeh.
   130 | D        | Found an iron altar of Okawaru.
   131 | D        | Found a stormy altar of Qazlal.
   132 | D        | Found a sacrificial altar of Ru.
   133 | D        | Found a shimmering blue altar of Sif Muna.
   134 | D        | Found a bloodstained altar of Trog.
   135 | D        | Found a hide-covered altar of Uskayaw.
   136 | D        | Found a radiant altar of Vehumet.
   137 | D        | Found an ornate altar of the Wu Jian Council.
   138 | D        | Found a shimmering altar of Xom.
   139 | D        | Found a basalt altar of Yredelemnul.
   140 | D        | Found a glowing silver altar of Zin.
   141 | D        | Found a glowing golden altar of the Shining One.
   278 | D        | Became a worshipper of the Shining One
   323 | D        | Noticed a yak
   323 | D        | Reached * piety under the Shining One
   323 | D        | Noticed a soldier ant
   323 | D        | Noticed a sky beast
   329 | D        | Reached skill level 5 in Armour
   329 | D        | Reached skill level 5 in Shields
   329 | D        | Reached skill level 1 in Invocations
   329 | D        | Reached XP level 4. HP: 28/30 MP: 4/4
   333 | D        | Reached skill level 5 in Fighting
   333 | D        | Reached skill level 5 in Maces & Flails
   335 | D        | Killed a yak
   335 | D        | Reached skill level 7 in Maces & Flails
   335 | D        | Reached XP level 5. HP: 36/36 MP: 4/7
   335 | D        | Reached XP level 6. HP: 41/41 MP: 4/8
   340 | D        | Killed a soldier ant
   340 | D        | Reached skill level 8 in Maces & Flails
   344 | D        | Killed a sky beast
   344 | D        | Reached XP level 7. HP: 47/47 MP: 5/10
   368 | D        | Reached ** piety under the Shining One
   368 | D        | Noticed a hungry ghost
   374 | D        | Reached skill level 9 in Maces & Flails
   374 | D        | Reached skill level 5 in Invocations
   393 | D        | Killed a hungry ghost
   393 | D        | Reached skill level 10 in Maces & Flails
   415 | D        | Noticed Urug
   415 | D        | Reached *** piety under the Shining One
   432 | D        | HP: 2/47 [Urug/+3 eveningstar (8)]
   434 | D        | The Shining One protects you from harm!
   435 | D        | Killed Urug
   435 | D        | Reached skill level 12 in Maces & Flails
   435 | D        | Reached skill level 5 in Dodging
   435 | D        | Reached skill level 1 in Stealth
   435 | D        | Reached XP level 8. HP: 15/53 MP: 11/13
   736 | D        | Noticed a hippogriff
   736 | D        | Noticed a black mamba
   736 | D        | Noticed a cane toad
   736 | D        | Reached **** piety under the Shining One
   737 | D        | Noticed a six-headed hydra
   744 | D        | Reached XP level 9. HP: 57/58 MP: 14/14
   756 | D        | Killed a black mamba
   756 | D        | Reached skill level 13 in Maces & Flails
   762 | D        | Killed a cane toad
   765 | D        | Reached skill level 14 in Maces & Flails
   777 | D        | Killed a six-headed hydra
   777 | D        | Reached XP level 10. HP: 17/65 MP: 16/16
  1014 | D        | Noticed a black mamba
  1014 | D        | Noticed a cane toad
  1014 | D        | Noticed a cane toad
  1014 | D        | Reached ***** piety under the Shining One
  1020 | D        | Killed a black mamba
  1024 | D        | Killed a cane toad
  1024 | D        | Reached skill level 15 in Maces & Flails
  1026 | D        | Killed a cane toad
  1041 | D        | Reached skill level 10 in Shields
  1103 | D        | Reached skill level 16 in Maces & Flails
  1130 | D        | Reached skill level 10 in Invocations
  1222 | D        | Noticed Harold
  1238 | D        | Killed Harold
  1238 | D        | Reached XP level 11. HP: 53/72 MP: 18/18
  1316 | D        | Noticed Joseph
  1328 | D        | Killed Joseph
  1416 | D        | Noticed a stone giant
  1416 | D        | Reached ****** piety under the Shining One
  1425 | D        | HP: 1/72 [stone giant (22)]
  1431 | D        | Killed from afar by an orc priest

Skill      XL: |  1  2  3  4  5  6  7  8  9 10 |
---------------+-------------------------------+-----
Dodging        | 1 2 3 4 5 6 7 |  7.9
Armour         | 4 5 6 7 8 9 |  9.4
Fighting       | 4 5 6 7 8 9 |  9.8
Maces & Flails | 3 4 7 8 12 14 16 | 16.8
Shields        | 4 5 6 7 8 9 10 | 10.6
Invocations    | 1 3 4 7 8 10 | 10.3
Stealth        | 1 2 |  2.2
Evocations     | |  0.2

Action                   |  1- 3 |  4- 6 |  7- 9 | 10-12 || total
-------------------------+-------+-------+-------+-------++-------
Melee: Flail             |    58 |    14 |    39 |       ||   111
       Eveningstar       |       |       |    33 |    83 ||   116
Invok: Divine Shield     |       |       |       |     2 ||     2
Evoke: Wand              |       |       |     1 |       ||     1
  Use: Potion            |     1 |     1 |     1 |     4 ||     7
       Scroll            |       |       |     2 |       ||     2
  Eat: Chunk             |       |       |     2 |     3 ||     5
Armor: Scale mail        |    24 |       |       |       ||    24
       Chain mail        |       |     4 |    43 |    34 ||    81
Dodge: Dodged            |    19 |     2 |    22 |    22 ||    65
Block: Medium shield     |    32 |     6 |    42 |    44 ||   124
